 Dungeon Crawl Stone Soup version 0.29.1-2-gbd0b4ee654 (webtiles) character file.

Game seed: 7222386927720534977

214 croobank the Conjurer (level 5, -4/38 HPs)
             Began as a Demonspawn Conjurer on Nov 29, 2022.
             Slain by a gnoll
             ... wielding a +0 whip
              (7 damage)
             ... on level 2 of the Dungeon.
             The game lasted 00:06:49 (1759 turns).

croobank the Conjurer (Demonspawn Conjurer)         Turns: 1759, Time: 00:06:49

Health: -4/38      AC:  2    Str:  7    XL:     5   Next: 59%
Magic:  1/9        EV: 12    Int: 21    God:
Gold:   32         SH:  0    Dex: 12    Spells: 2/9 levels left

rFire   . . .      SeeInvis .   c - +0 dagger
rCold   . . .      Faith    .   (no shield)
rNeg    . . .      Spirit   .   a - +0 robe
rPois   .          Reflect  .   (helmet restricted)
rElec   .          Harm     .   (no cloak)
rCorr   .          Rampage  .   (no gloves)
Will    .....                   (no boots)
Stlth   ++........              (no amulet)
HPRegen 0.12/turn               (no ring)
MPRegen 0.11/turn               (no ring)

@: no status effects
A: antennae 2
a: no special abilities


You were on level 2 of the Dungeon.
You visited 1 branch of the dungeon, and saw 2 of its levels.

You collected 32 gold pieces.

Inventory:

Hand Weapons
 c - a +0 dagger (weapon)
Armour
 a - a +0 robe (worn)
Scrolls
 h - a scroll of identify {unknown}
 j - a scroll of amnesia {unknown}
Potions
 b - a potion of magic
 d - a potion of mutation {unknown}
 e - a potion of lignification {unknown}
 f - a potion of might {unknown}
 g - a potion of heal wounds {unknown}
 i - a potion of degeneration {unknown}


   Skills:
 + Level 2.0 Fighting
 + Level 2.6 Dodging
 + Level 2.8 Stealth
 + Level 2.9 Spellcasting
 + Level 4.6 Conjurations
 + Level 1.5 Hexes
 + Level 0.0 Summonings


You had 2 spell levels left.
You knew the following spells:

 Your Spells              Type           Power      Damage    Failure   Level
a - Magic Dart            Conj           88%        1d7       1%          1
b - Searing Ray           Conj           44%        2d6       3%          2
c - Dazzling Flash        Conj/Hex       32%        N/A       11%         3
d - Summon Small Mammal   Summ           12%        N/A       13%         1

Your spell library contained the following spells:

 Spells                   Type           Power      Damage    Failure   Level
 Summon Guardian Golem    Hex/Summ       6%         N/A       28%         3
 Call Canine Familiar     Summ           3%         N/A       36%         3
 Fulminant Prism          Conj/Hex       8%         3d7       36%         4
 Iskenderun's Mystic Bla  Conj/Tloc      12%        2d5       45%         4


Dungeon Overview and Level Annotations

Branches:
Dungeon (2/15)

Altars:
Nemelex Xobeh


Innate Abilities, Weirdness & Mutations

You have a pair of antennae on your head.


Message History

The sling bullet hits the kobold.
The kobold dies!
Your bat closely misses the gnoll.
The gnoll attacks as you move away! The gnoll hits you but does no damage.
The goblin unwields a +0 sling.
The goblin wields a +0 dagger.
The goblin hits you with a +0 dagger.
Casting: Summon Small Mammal (safe; 13% risk of failure)
Confirm with . or Enter, or press ? or * to list all spells.
Aiming: Magic Dart (safe; 1% risk of failure)
Press: ? - help, Shift-Dir - straight line, f - goblin
Aim: a goblin, wielding a +0 dagger (100% to hit)
The magic dart hits the goblin.
The goblin is almost dead.
The goblin barely misses you. The gnoll hits you with a +0 whip.
You hit the goblin.
You kill the goblin!
The gnoll barely misses you.
Found a leather armour and a whip.
Things that are here:
a +0 dagger; a +0 sling The gnoll attacks as you move away!
The gnoll hits you with a +0 whip.
A rat comes into view.
The gnoll attacks as you move away! The gnoll hits you with a +0 whip.
Found a dagger.
Found a stone staircase leading down.
The gnoll attacks as you move away! The gnoll closely misses you.
You see here a +0 whip.
The gnoll barely misses you. The rat barely misses you.
The gnoll hits you from afar with a +0 halberd!
* * * LOW HITPOINT WARNING * * *
The gnoll attacks as you move away! The gnoll barely misses you.
The rat closely misses you.
There is a stone staircase leading down here.
Casting: Magic Dart (safe; 1% risk of failure)
Confirm with . or Enter, or press ? or * to list all spells.
Okay, then.
Okay, then.
Okay, then.
The gnoll hits you with a +0 whip!
You die...

#..b..#######.##.#
#####....# #.##.#
#.##{# #g##.#
..##..# #.##.# .##
#...#.##.# ..
#...)..# .#
##...g.# ####rg#
##@# ###


You could see 2 gnolls and a rat.

Vanquished Creatures
  Sigmund (D:2)
  3 adders (D:2)
  3 dart slugs
  An endoplasm (D:1)
  2 giant cockroaches (D:2)
  3 goblins
  A kobold (D:2)
  A quokka (D:1)
  2 bats (D:1)
  A frilled lizard (D:1)
  4 rats (D:1)
22 creatures vanquished.

Vanquished Creatures (others)
  A kobold (D:2)
1 creature vanquished.

Grand Total: 23 creatures vanquished

Notes
Turn   | Place    | Note
-------+----------+-------------------------------------------
     0 | D:1      | croobank the Demonspawn Conjurer began the quest for the
                  | Orb.
     0 | D:1      | Reached XP level 1. HP: 13/13 MP: 3/3
   444 | D:1      | Gained mutation: You have a pair of small antennae on your
                  | head. [demonic ancestry]
   444 | D:1      | Reached XP level 2. HP: 19/19 MP: 3/5
   447 | D:1      | Learned a level 2 spell: Searing Ray
  1305 | D:2      | Gained mutation: You have a pair of antennae on your head.
                  | [demonic ancestry]
  1305 | D:2      | Reached XP level 3. HP: 25/25 MP: 0/6
  1366 | D:2      | Learned a level 3 spell: Dazzling Flash
  1376 | D:2      | Noticed Sigmund
  1397 | D:2      | Killed Sigmund
  1398 | D:2      | Reached skill level 1 in Fighting
  1398 | D:2      | Reached skill level 1 in Hexes
  1398 | D:2      | Reached XP level 4. HP: 21/33 MP: 1/8
  1398 | D:2      | Reached XP level 5. HP: 25/38 MP: 1/9
  1669 | D:2      | Learned a level 1 spell: Summon Small Mammal
  1709 | D:2      | Found a sparkling altar of Nemelex Xobeh.
  1759 | D:2      | Slain by a gnoll

Illustrated notes

Levels and vault maps discovered:
D:1:      nzn_arrival_depleted_hourglass, layout_loops_ring
D:2:      layout_basic, shapermc_ecumenical_altar_ellora, serial_shops, shop,
          basic_altar, uniq_sigmund

Skill      XL: |  1  2  3  4  5 |
---------------+----------------+-----
Stealth        | 2 |  2.8
Dodging        | 2 |  2.6
Fighting       | 1 2 |  2.0
Hexes          | 1 |  1.5
Spellcasting   | |  2.9
Conjurations   | |  4.6

Action                   |  1- 3 |  4- 6 || total
-------------------------+-------+-------++-------
Melee: Dagger            |    20 |     3 ||    23
 Cast: Magic Dart        |    13 |     2 ||    15
       Searing Ray       |     8 |     4 ||    12
       Dazzling Flash    |     3 |     3 ||     6
       Summon Small Mamm |       |     2 ||     2
  Use: Potion            |     3 |       ||     3
       Scroll            |       |     1 ||     1
 Stab: Sleeping          |     3 |       ||     3
       Invisible         |     1 |     1 ||     2
Armor: Robe              |     4 |     3 ||     7
Dodge: Dodged            |    24 |    28 ||    52
